 Dungeon Crawl Stone Soup version 0.31-a0-237-g2d982f9f85 (webtiles) character file.

Game seed: 12608697148005332845

312 qw the Shooter (level 6, -1/38 HPs)
             Began as a Gargoyle Hexslinger on July 10, 2023.
             Slain by a hornet (9 damage)
             ... on level 4 of the Dungeon.
             The game lasted 00:01:04 (2784 turns).

qw the Shooter (Gargoyle Hexslinger)                Turns: 2784, Time: 00:01:05

Health: -1/38      AC: 10    Str: 12    XL:     6   Next: 42%
Magic:  0/7        EV: 11    Int: 13    God:
Gold:   171        SH:  0    Dex: 14    Spells: 6/7 levels left

rFire   . . .        Y - +2 sling
rCold   . . .        (no shield)
rNeg    + . .        l - +0 leather armour
rPois   inf          g - +1 helmet
rElec   +            i - +0 cloak
rCorr   .            (no gloves)
SInv    .            (no boots)
Will    .....        b - amulet of guardian spirit
Stlth   +            (no ring)
HPRegen 0.26/turn    (no ring)
MPRegen 0.10/turn

%: guardian spirit
@: no status effects
A: sickness immunity, AC +4, negative energy resistance 1, electricity
resistance, torment resistance 1, petrification resistance
a: no special abilities


You were on level 4 of the Dungeon.
You visited 1 branch of the dungeon, and saw 4 of its levels.

You collected 171 gold pieces.


Innate Abilities, Weirdness & Mutations

You are immune to sickness and miasma.
Your stone body is resilient. (AC +4)
You are immune to poison.
You resist negative energy. (rN+)
You are resistant to electric shocks. (rElec)
You are resistant to unholy torment.
You are immune to petrification.


   Skills:
 - Level 4.0 Fighting
 + Level 5.2 Ranged Weapons
 - Level 1.2 Armour
 - Level 1.5 Dodging
 - Level 1.0 Spellcasting
 - Level 2.6 Hexes


You had 6 spell levels left.
You knew the following spells:

 Your Spells              Type           Power      Damage    Failure   Level
a - Slow                  Hex            28%        N/A       12%         1

Your spell library contained the following spells:

 Spells                   Type           Power      Damage    Failure   Level
 Inner Flame              Hex/Fire       4%         N/A       52%         3
 Portal Projectile        Hex/Tloc       8%         N/A       52%         3
 Cause Fear               Hex            3%         N/A       75%         4

Inventory:

Hand Weapons
 Y - a +2 sling (weapon)
Armour
 g - a +1 helmet (worn)
 i - a +0 cloak (worn)
 l - a +0 leather armour (worn)
Jewellery
 b - an amulet of guardian spirit (around neck)
Scrolls
 a - a scroll of teleportation
 h - a scroll of identify
Potions
 c - a potion of resistance {unknown}
 f - 4 potions of curing

Dungeon Overview and Level Annotations

Branches:
Dungeon (4/15)
 Temple: D:4-7

Altars:
Makhleb
The Shining One

Annotations:
D:3 2 runed translucent doors, qw's ghost, amateur GrHs
D:4 Eustachio


Message History

The bat completely misses you. The adder bites you but does no damage.
The rat bites you but does no damage.
You shoot a sling bullet. The sling bullet hits the adder.
You kill the adder!
The bat hits you but does no damage.
You shoot a sling bullet. The sling bullet hits the hornet.
The hornet is lightly wounded.
The bat hits you but does no damage. The bat closely misses you.
The hornet stings you. The bat misses you. The hornet barely misses you.
You shoot a sling bullet.
The sling bullet barely misses the hornet.
The sling bullet hits Eustachio.
Eustachio is lightly wounded.
The bat hits you but does no damage.
The hornet stings you but does no damage.
The hornet stings you!
You shoot a sling bullet. The sling bullet hits the hornet.
The hornet is lightly wounded.
The bat completely misses you. The hornet stings you!
The hornet closely misses you.
You shoot a sling bullet.
The sling bullet hits the hornet but does no damage.
The hornet is lightly wounded.
The bat barely misses you. The hornet closely misses you. x2
You shoot a sling bullet.
The sling bullet hits the hornet but does no damage.
The hornet is lightly wounded.
The bat hits you but does no damage. The hornet stings you.
You shoot a sling bullet. The sling bullet hits the hornet.
The hornet is moderately wounded.
The bat hits you but does no damage.
The hornet stings you but does no damage.
The bat hits you but does no damage. The hornet stings you.
You shoot a sling bullet.
The sling bullet barely misses the hornet.
The sling bullet barely misses Eustachio.
The bat barely misses you. The hornet stings you!
Eustachio casts a spell.
The hornet stings you!
You die...

#... .# .([. . ..... .##
..... ..# ......#.#
#..55@#b####..#
#...bhy$%.....# #@# #.
#.# #. #.#####.#
####.##........ #.
.........####.# ..#....#
####..#.#.###.# ..#....#
#..#.......#
.##....######...........
.##....##............###


You could see Eustachio, a hornet, a black bear, 2 ufetubi and 2 bats.

Vanquished Creatures
  A black bear (D:4)
  A hound (D:4)
  An orc wizard (D:3)
  Robin (D:2)
  4 gnolls (D:3)
  4 adders
  3 worms (D:2)
  2 dart slugs
  2 orcs (D:3)
  4 ball pythons
  An endoplasm (D:1)
  4 giant cockroaches
  12 goblins
  9 hobgoblins
  3 quokkas
  7 bats
  2 frilled lizards (D:3)
  4 kobolds
  5 rats
70 creatures vanquished.

Notes
Turn   | Place    | Note
-------+----------+-------------------------------------------
     0 | D:1      | qw the Gargoyle Hexslinger began the quest for the Orb.
     0 | D:1      | Reached XP level 1. HP: 12/12 MP: 2/2
     0 | D:1      | 0 ||| qw: Version: 0.3-a-52-g30416fa
     0 | D:1      | 0 ||| qw: Game counter: 5172
     0 | D:1      | 0 ||| qw: Melee chars always use a shield: true
     0 | D:1      | 0 ||| qw: God list: Okawaru
     0 | D:1      | 0 ||| qw: Allow faded altars: false
     0 | D:1      | 0 ||| qw: Do Orc after clearing Dungeon:15 true
     0 | D:1      | 0 ||| qw: Do second Lair branch before Depths: true
     0 | D:1      | 0 ||| qw: Lair rune preference: random
     0 | D:1      | 0 ||| qw: Goals: Normal
     0 | D:1      | 0 ||| PLANNING D:1-11
   264 | D:1      | Reached XP level 2. HP: 16/16 MP: 3/3
   488 | D:1      | Reached skill level 3 in Ranged Weapons
   994 | D:1      | 994 ||| DROPPING scarf of invisibility.
   995 | D:1      | 995 ||| UPGRADING to +0 leather armour.
  1005 | D:1      | 1005 ||| DROPPING +0 robe.
  1006 | D:1      | 1006 ||| READING scroll labelled PUXIDU WUSHOLO.
  1010 | D:1      | 1010 ||| READING scroll labelled QIPNAE RONNAX.
  1011 | D:1      | 1011 ||| READING scroll labelled BODUIJ MUAGEQE.
  1012 | D:1      | 1012 ||| READING scroll labelled VOAT EMEQAC.
  1013 | D:1      | 1013 ||| DRINKING 2 brown potions.
  1014 | D:1      | 1014 ||| DROPPING scroll of poison.
  1050 | D:2      | Reached XP level 3. HP: 21/21 MP: 4/4
  1117 | D:2      | Found a glowing golden altar of the Shining One.
  1135 | D:2      | Noticed Robin
  1143 | D:2      | HP: 5/22 [goblin/+0 dagger[Robin] (3)]
  1146 | D:2      | 1146 ||| DRINKING 2 potions of heal wounds.
  1150 | D:2      | HP: 4/22 [goblin/+0 dagger[Robin] (3)]
  1151 | D:2      | 1151 ||| DRINKING potion of heal wounds.
  1152 | D:2      | Killed Robin
  1153 | D:2      | Reached XP level 4. HP: 24/27 MP: 5/5
  1591 | D:2      | Reached skill level 4 in Ranged Weapons
  1701 | D:2      | 1701 ||| UPGRADING to +1 helmet.
  1706 | D:2      | 1706 ||| UPGRADING to amulet of guardian spirit.
  1711 | D:2      | 1711 ||| READING scroll labelled VEODIL VEISAR.
  1712 | D:2      | 1712 ||| READING scroll labelled ISTEAC KEAB.
  1713 | D:2      | 1713 ||| READING 2 scrolls of identify.
  1713 | D:2      | 1713 ||| IDENTIFYING bubbling emerald potion
  1714 | D:2      | 1714 ||| DROPPING potion of invisibility.
  1796 | D:3      | Found a runed translucent door.
  1797 | D:3      | Noticed a bullfrog
  1898 | D:3      | Reached XP level 5. HP: 21/31 MP: 4/6
  2066 | D:3      | Found a burning altar of Makhleb.
  2440 | D:3      | Reached skill level 5 in Ranged Weapons
  2473 | D:3      | Found a runed translucent door.
  2478 | D:3      | Noticed qw's ghost (amateur GrHs)
  2689 | D:3      | 2689 ||| UPGRADING to +0 cloak.
  2694 | D:3      | 2694 ||| DROPPING amulet of magic regeneration.
  2695 | D:3      | 2695 ||| READING 3 scrolls of identify.
  2695 | D:3      | 2695 ||| IDENTIFYING murky inky potion
  2696 | D:3      | 2696 ||| READING 2 scrolls of identify.
  2696 | D:3      | 2696 ||| IDENTIFYING blue potion
  2697 | D:3      | 2697 ||| DROPPING potion of degeneration.
  2698 | D:3      | 2698 ||| DROPPING potion of brilliance.
  2758 | D:4      | Noticed a black bear
  2759 | D:4      | Noticed a black bear
  2760 | D:4      | Noticed Eustachio
  2764 | D:4      | Killed a black bear
  2765 | D:4      | Reached XP level 6. HP: 35/38 MP: 5/7
  2768 | D:4      | Noticed a hornet
  2770 | D:4      | Reached skill level 1 in Armour
  2784 | D:4      | HP: 8/38 [hornet (6)]
  2784 | D:4      | Slain by a hornet

Levels and vault maps discovered:
D:1:      nagdon_arrival_double_spiral, layout_loops_corners
D:2:      layout_basic, basic_altar, uniq_robin
D:3:      layout_loops_ring, mainiacjoe_overflow_catwalk, ebering_ghost_sewer_f,
          kennysheep_minor_cross, patterned_corridor
D:4:      layout_loops_ring, nzn_wu_jian_council_hall, led_sif_book,
          serial_shops, shop, nicolae_stop_n_shop_2, uniq_blork_the_orc,
          uniq_eustachio

Skill      XL: |  1  2  3  4  5  6 |
---------------+-------------------+-----
Ranged Weapons | 3 4 5 |  5.2
Fighting       | 2 4 |  4.0
Armour         | 1 |  1.2
Dodging        | |  1.5
Spellcasting   | |  1.0
Hexes          | |  2.6

Action                     |  1- 3 |  4- 6 || total
---------------------------+-------+-------++-------
   Fire: Sling             |   130 |   141 ||   271
    Use: Scroll            |     4 |     5 ||     9
         Potion            |     3 |       ||     3
 Armour: Robe              |    15 |       ||    15
         Leather armour    |    28 |    60 ||    88
  Dodge: Dodged            |    83 |    81 ||   164

Table legend:
 A = Non-vault XP
 B = Vault XP
 C = Vault XP percentage of total XP
 D = Non-vault monster count
 E = Vault monster count
 F = Vault count percentage of total count
                 A         B        C        D         E       F
            +---------+---------+-------+---------+---------+-------
      Total |     412 |      34 |   7.6 |      59 |      11 |  15.7
            +---------+---------+-------+---------+---------+-------
        D:1 |      31 |       0 |   0.0 |      18 |       0 |   0.0
        D:2 |      51 |      34 |  40.0 |      17 |      11 |  39.3
        D:3 |     129 |       0 |   0.0 |      19 |       0 |   0.0
        D:4 |     201 |       0 |   0.0 |       5 |       0 |   0.0
            +---------+---------+-------+---------+---------+-------
